 Dungeon Crawl Stone Soup version 0.32-a0-918-g0f22ef8d61 (webtiles) character file.

Game seed: 2066610125953627959

4972 dialectric the Basher (level 10, -21/93 HPs)
             Began as a Minotaur Fighter on Apr 11, 2024.
             Killed by an exploding ogre (41 damage)
             ... ignited by their inner flame
             ... on level 12 of the Dungeon.
             The game lasted 00:10:39 (7789 turns).

dialectric the Basher (Minotaur Fighter)            Turns: 7789, Time: 00:10:40

Health: -21/93     AC: 11    Str: 24    XL:     10   Next: 28%
Magic:  9/9        EV: 10    Int:  5    God:
Gold:   172        SH:  0    Dex: 11    Spells: 9/9 levels left

rFire   . . .        d - +2 dire flail (protect)
rCold   . . .        (shield currently unavailable)
rNeg    + . .        b - +0 scale mail
rPois   .            (helmet restricted)
rElec   .            (no cloak)
rCorr   +            B - +1 pair of gloves
SInv    .            (no boots)
Will    .....        (no amulet) Stlth
                     g - ring of resist corrosion
HPRegen 0.35/turn    j - ring of positive energy
MPRegen 0.11/turn

%: no passive effects
@: no status effects
A: horns 2, retaliatory headbutt
a: no special abilities


You were on level 12 of the Dungeon.
You visited 1 branch of the dungeon, and saw 12 of its levels.

You collected 374 gold pieces.
You spent 202 gold pieces at shops.

Inventory:

Hand Weapons
 d - a +2 dire flail of protection (weapon)
 A - a +3 long sword of flaming
 D - a +4 dire flail
 E - a +4 flail
Missiles
 q - 26 poisoned darts (quivered)
Armour
 b - a +0 scale mail (worn)
 c - a +0 buckler
 x - a +0 hat
 B - a +1 pair of gloves (worn)
 M - a +2 leather armour of cold resistance
Jewellery
 g - a ring of resist corrosion (left hand)
 j - a ring of positive energy (right hand)
 o - a ring of magical power
 s - an amulet of guardian spirit
 y - a ring of magical power
Wands
 m - a wand of charming (5)
 w - a wand of flame (24)
 z - a wand of warping (3)
Scrolls
 e - 4 scrolls of vulnerability
 h - 2 scrolls of teleportation
 i - a scroll of fog
 k - a scroll of poison
 n - a scroll of enchant weapon
 p - 2 scrolls of noise {unknown}
 u - a scroll of blinking {unknown}
 N - 2 scrolls of revelation
Potions
 a - a potion of ambrosia {unknown}
 f - a potion of invisibility
 l - a potion of brilliance
 r - a potion of enlightenment
 t - a potion of curing
 v - a potion of heal wounds
 G - 2 potions of resistance
 I - a potion of mutation {unknown}


   Skills:
 + Level 9.8 Fighting
 * Level 12.4 Maces & Flails
 + Level 9.9 Armour
 - Level 3.0 Dodging
 - Level 4.0 Shields


You had 9 spell levels left.
You didn't know any spells.
Your spell library contained the following spells:

 Spells                   Type           Power      Damage    Failure   Level
 Mercury Vapours          Alch/Air       0%         N/A       86%         2
 Dazzling Flash           Conj/Hex       0%         N/A       97%         3
 Mephitic Cloud           Conj/Alch/Air  0%         N/A       97%         3
 Freezing Cloud           Conj/Ice/Air   0%         6-21      100%        5
 Starburst                Conj/Fire      0%         6d3       100%        6
 Maxwell's Capacitive Co  Air            0%         ∞         100%        8


Dungeon Overview and Level Annotations

Branches:
Dungeon (12/15)            Temple (0/1) D:4            Lair (0/5) D:11
    Orc: D:9-12

Altars:
Dithmenos
Sif Muna
Vehumet
Wu Jian
Xom
Zin

Shops:
D:7 ?   D:12 *


Innate Abilities, Weirdness & Mutations

You have a pair of horns on your head.
You reflexively headbutt those who attack you in melee.


Message History

The centaur hits you but does no damage.
The centaur kicks you.
The centaur wields a +0 orcbow.
The centaur shoots an arrow.
The arrow hits you.
The centaur wields a +0 shortbow.
The centaur shoots an arrow.
The arrow hits you.
The centaur shoots an arrow.
The arrow barely misses you.
The centaur shoots an arrow.
The arrow hits you but does no damage.
Unknown command.
The centaur shoots an arrow.
The arrow hits you but does no damage.
The centaur shoots an arrow.
The arrow closely misses you. The ogre attacks as it pursues you!
The ogre barely misses you.
The centaur shoots an arrow.
The arrow hits you!
* * * LOW HITPOINT WARNING * * *
There is an open door, spattered with blood here.
The centaur shoots an arrow.
The arrow hits you.
* * * LOW HITPOINT WARNING * * *
Hit: d) +2 dire flail (protect)
Press: ? - help, Dir - move target, f - you
Okay, then.
Hit: d) +2 dire flail (protect)
Press: ? - help, Dir - move target, f - you
Okay, then.
Hit: d) +2 dire flail (protect)
Press: ? - help, Dir - move target, f - you
Okay, then.
Unknown command.
Aiming: Warp Space
Press: ? - help, Shift-Dir - straight line, f - centaur
Aim: a centaur, wielding a +0 shortbow (inner flame, chance to blink: 50%) Space twists violently!
The rupture engulfs the centaur!
The centaur blinks!
Flame seeps out of the ogre.
The ogre is heavily wounded.
The rupture engulfs the centaur!
The centaur explodes!
You feel a bit more experienced.
You hear an explosion!
You feel a bit more experienced.
The ogre is engulfed in blazing flames.
The ogre explodes!
The fiery explosion engulfs you!!!
You die...

#..#.....#...#.....##..c..##
#..#.....#...#......#......'
....#.....#...#......#...9O)#
..[..#.....#O.##.##..##.....##
+......#.....#§§#####..########
#......#.....#9.....#...#
#..###+#.....#§.....#...#
#.........#§##########
#.........§○@.......
#..........§§.......
#^..................
#...................
#...................
#....#####.......... ....
#.......... .. #.......###
#[......#


You could see a gargoyle (inner flame) and an ogre (inner flame).

Vanquished Creatures
  A gargoyle (D:11)
  The ghost of pokeman the Thaumaturge, a novice DEHW (D:6)
  A shadow (D:10)
  A wraith (D:12)
  2 wyverns
  7 yaks
  A vampire mosquito (D:11)
  Edmund (D:4)
  2 water moccasins
  A black bear (D:6)
  2 orc warriors
  An ice beast (D:5)
  8 centaurs
  2 ogres (D:12)
  A kobold brigand (D:7)
  3 bullfrogs
  4 wights (D:7)
  3 howler monkeys
  4 hounds
  6 orc priests
  3 bombardier beetles (D:5)
  5 jellies
  2 iguanas
  A sleepcap (D:8)
  3 orc wizards
  13 adders
  2 white imps (D:7)
  2 dart slugs
  2 ribbon worms
  31 orcs
  6 bats
  10 endoplasms
  A giant cockroach (D:4)
  7 goblins
  8 hobgoblins
  3 quokkas
  8 ball pythons
  A frilled lizard (D:2)
  13 kobolds
  11 rats
184 creatures vanquished.

Notes
Turn   | Place    | Note
-------+----------+-------------------------------------------
     0 | D:1      | dialectric the Minotaur Fighter began the quest for the
                  | Orb.
     0 | D:1      | Reached XP level 1. HP: 19/19 MP: 0/0
   246 | D:1      | Found a faded altar of an unknown god.
   370 | D:1      | Reached XP level 2. HP: 14/27 MP: 1/1
   857 | D:2      | Reached skill level 3 in Maces & Flails
   874 | D:2      | Reached XP level 3. HP: 30/33 MP: 2/2
  1146 | D:2      | Reached skill level 1 in Dodging
  1229 | D:2      | Reached XP level 4. HP: 40/40 MP: 3/3
  1808 | D:3      | Noticed a centaur
  1817 | D:3      | Killed a centaur
  1818 | D:3      | Reached XP level 5. HP: 29/47 MP: 4/4
  1828 | D:3      | Reached skill level 4 in Maces & Flails
  1829 | D:3      | Reached skill level 5 in Armour
  2405 | D:4      | Reached skill level 5 in Fighting
  2413 | D:4      | Noticed Edmund
  2416 | D:4      | Reached XP level 6. HP: 47/56 MP: 5/5
  2444 | D:4      | Killed Edmund
  2630 | D:4      | Found a staircase to the Ecumenical Temple.
  3006 | D:4      | Reached skill level 5 in Maces & Flails
  3199 | D:5      | Entered Level 5 of the Dungeon
  3350 | D:5      | Noticed an ice beast
  3358 | D:5      | Killed an ice beast
  3359 | D:5      | Reached XP level 7. HP: 60/62 MP: 6/6
  3385 | D:5      | Reached skill level 6 in Maces & Flails
  3787 | D:5      | HP: 3/64 [poisoned by a water moccasin]
  3997 | D:5      | Reached skill level 7 in Maces & Flails
  4149 | D:6      | Identified the +2 robe "Koudoo" {Stlth+}
  4203 | D:6      | Found a runed translucent door.
  4204 | D:6      | Noticed pokeman's ghost (novice DEHW)
  4248 | D:6      | Reached XP level 8. HP: 64/71 MP: 7/7
  4278 | D:6      | Killed pokeman's ghost
  4290 | D:6      | Found a runed translucent door.
  4620 | D:6      | Reached skill level 8 in Maces & Flails
  4967 | D:6      | Found a shimmering altar of Xom.
  4968 | D:6      | Found an ornate altar of the Wu Jian Council.
  4968 | D:6      | Found a radiant altar of Vehumet.
  4980 | D:6      | Found a glowing silver altar of Zin.
  4986 | D:6      | Found a shimmering blue altar of Sif Muna.
  5264 | D:7      | Found Boeb's Magic Scroll Emporium.
  5272 | D:7      | Bought a scroll of enchant weapon for 112 gold pieces
  5287 | D:7      | Reached skill level 9 in Maces & Flails
  5968 | D:7      | Reached XP level 9. HP: 81/81 MP: 8/8
  6397 | D:7      | Reached skill level 10 in Maces & Flails
  6619 | D:9      | Reached skill level 11 in Maces & Flails
  6769 | D:8      | Identified the +5 dagger "Damn" {venom, rPois rC+ Str+2
                  | Int+2}
  6811 | D:8      | You fall into a shaft and drop 2 floors!
  6811 | D:10     | Entered Level 10 of the Dungeon
  6869 | D:10     | Found a shadowy altar of Dithmenos.
  7054 | D:10     | Reached XP level 10. HP: 40/91 MP: 9/9
  7295 | D:11     | Noticed a gargoyle
  7302 | D:11     | Found a staircase to the Lair.
  7335 | D:11     | HP: 2/91 [vampire mosquito (8)]
  7371 | D:11     | Noticed a gargoyle
  7518 | D:11     | Noticed a boulder beetle
  7522 | D:11     | Killed a gargoyle
  7523 | D:11     | Reached skill level 12 in Maces & Flails
  7691 | D:12     | Found Gaexuown's General Store.
  7744 | D:12     | Bought a potion of heal wounds for 90 gold pieces
  7756 | D:12     | Noticed a gargoyle
  7789 | D:12     | Killed by an exploding ogre... ignited by their inner flame

Illustrated notes

Levels and vault maps discovered:
D:1:      amcnicky_arrival_abandoned_market, layout_basic,
          dilly_ecumenical_altar_fadedgnrine
D:2:      minmay_evil_eye, layout_basic, amcnicky_mini_pool_small,
          minmay_surrounded
D:3:      layout_loops_cross
D:4:      layout_gridville, minmay_temple_entry_hall,
          minmay_fractal_squares_diagonal_5, uniq_edmund
D:5:      layout_loops_ring
D:6:      layout_basic, minmay_overflow_temple_star_hex, ebering_ghost_sewer_f,
          serial_glass, glass_columns_c, glass_columns_c, corexii_checkpoint
D:7:      layout_loops_corners, serial_shops, nicolae_square_shop,
          mrwooster_statue_mirror, dk_vineyard_1
D:8:      layout_rooms
D:9:      layout_basic, zombieorc1_lemuel
D:10:     layout_irregular_city, nicolae_dithmenos_the_darkroom, serial_glass,
          glass_columns_a, glass_columns_c
D:11:     layout_loops_ring, lair_entry_dummy, guppyfry_shop_earth
D:12:     layout_gridville, serial_shops, nicolae_shop_waterfront, uniq_lodul

Skill      XL: |  1  2  3  4  5  6  7  8  9 10 |
---------------+-------------------------------+-----
Armour         | 4 5 6 7 9 |  9.9
Shields        | 4 |  4.0
Fighting       | 4 5 6 7 9 |  9.8
Maces & Flails | 3 4 5 7 9 11 12 | 12.4
Dodging        | 1 2 3 |  3.0

Action                     |  1- 3 |  4- 6 |  7- 9 | 10-12 || total
---------------------------+-------+-------+-------+-------++-------
  Melee: Flail             |    64 |    72 |       |       ||   136
         Headbutt          |     9 |    19 |    45 |     6 ||    79
         Dire flail        |       |    45 |   256 |    21 ||   322
  Evoke: Wand              |       |       |       |     1 ||     1
    Use: Potion            |     2 |     3 |     1 |     5 ||    11
         Scroll            |       |     2 |     7 |     8 ||    17
 Armour: Scale mail        |    59 |    99 |   190 |    82 ||   430
         Leather armour    |       |       |    17 |       ||    17
  Dodge: Dodged            |    38 |    68 |   111 |    48 ||   265

Table legend: (Time is in decaauts)
 A = Elapsed time spent in this place.
 B = Non-inter-level travel time spent in this place.
 C = Inter-level travel time spent in this place.
 D = Time resting spent in this place.
 E = Time spent auto-exploring this place.
 F = Levels seen in this place.
 G = Mean time per level.
                   A        B        C        D        E       F      G
               +--------+--------+--------+--------+--------+-----+--------+
         Total |   7779 |   7507 |    272 |    850 |   5176 |  12 |  648.2 |
       Dungeon |   7779 |   7507 |    272 |    850 |   5176 |  12 |  648.2 |
               +--------+--------+--------+--------+--------+-----+--------+

Top non-repeatable levels by time:
     D:7: 1387 daAuts
     D:4: 1079 daAuts
     D:2: 981 daAuts
     D:6: 944 daAuts
     D:3: 723 daAuts
     D:5: 703 daAuts
     D:1: 639 daAuts
    D:10: 463 daAuts
     D:8: 273 daAuts
    D:12: 258 daAuts
    D:11: 223 daAuts
     D:9: 99 daAuts
